 Dungeon Sprint DCSS version 0.29-a0-284-gf9362112df (webtiles) character file.

Game seed: 4102204564268145503

87 enile the Cleaver (level 4, -7/67 HPs)
             Began as a Minotaur Fighter on Mar 22, 2022.
             Mangled by a gnoll sergeant
             ... wielding a +0 spear
              (11 damage)
             ... in the Dungeon (Sprint IX: "|||||||||||||||||||||||||||||").
             The game lasted 00:00:32 (207 turns).

enile the Cleaver (Minotaur Fighter)                 Turns: 207, Time: 00:00:33

Health: -7/67      AC:  7    Str: 22    XL:     4   Next: 28%
Magic:  3/3        EV:  9    Int:  5    God:
Gold:   0          SH:  4    Dex: 10    Spells: 3/3 levels left

rFire   . . .      SeeInvis .   a - +0 war axe
rCold   . . .      Faith    .   c - +0 buckler
rNeg    . . .      Spirit   .   b - +0 scale mail
rPois   .          Reflect  .   (helmet restricted)
rElec   .          Harm     .   (no cloak)
rCorr   .          Rampage  .   (no gloves)
Will    .....      NoTele   +   (no boots)
Stlth   ..........              (no amulet)
HPRegen 0.21/turn               (no ring)
MPRegen 0.08/turn               (no ring)

@: berserking (expiring), very quick
A: horns 2, retaliatory headbutt
a: no special abilities


You were in the Dungeon.
You visited 1 branch

Inventory:

Hand Weapons
 a - a +0 war axe (weapon)
Armour
 b - a +0 scale mail (worn)
 c - a +0 buckler (worn)
Scrolls
 j - a scroll of blinking
Potions
 d - a potion of might
 e - a potion of curing
 f - a potion of heal wounds
 g - a potion of haste
 h - 2 potions of magic


   Skills:
 + Level 6.9 Fighting
 - Level 8.0 Axes
 - Level 4.2 Armour
 - Level 4.2 Shields


You had 3 spell levels left.
You didn't know any spells.
Your spell library was empty.

Dungeon Overview and Level Annotations

Branches:
Dungeon (1/1)

Altars:


Innate Abilities, Weirdness & Mutations

You have a pair of horns on your head.
You reflexively headbutt those who attack you in melee.


Message History

There are monsters nearby!
Sorry, you're not good enough to have a special ability.
A red film seems to cover your vision as you go berserk!
You feel yourself moving faster!
You feel mighty!
The ogre hits you with a +0 giant club!!
Ouch! That really hurt!
* * * LOW HITPOINT WARNING * * *
You slash the ogre! You headbutt the ogre!
The ogre is severely wounded.
You slash the ogre!
You kill the ogre!
Training target 6.0 for Fighting reached!
Your Fighting skill gained 2 levels and is now at level 6!
You need to enable at least one skill for training.
Training target 6.0 for Axes reached!
Your Axes skill gained 3 levels and is now at level 6!
You need to enable at least one skill for training.
Training target 8.0 for Axes reached!
Your Axes skill gained 2 levels and is now at level 8!
You need to enable at least one skill for training.
You have reached level 2!
You have reached level 3!
Your experience leads to an increase in your attributes!
Increase (S)trength, (I)ntelligence, or (D)exterity?
You feel stronger. x2
You have reached level 4!
You feel agile.
You closely miss the jackal.
The jackal bites you but does no damage.
The gnoll sergeant closely misses you.
You slash the jackal!
You kill the jackal!
The gnoll sergeant closely misses you.
There is an open door, spattered with blood here.
Things that are here:
a +0 giant club; an ogre corpse You slash the gnoll sergeant!
You headbutt the gnoll sergeant!
The gnoll sergeant is almost dead.
The gnoll sergeant hits you with a +0 spear!
You die...

▓+▓
▓.▓
▓.▓
▓r▓
▓r▓
▓g▓
▓@▓
▓.▓
▓.▓
▓.▓
▓.▓
▓.▓
▓)▓
▓.▓
▓.▓


You could see a gnoll sergeant and 2 quokkas.

Vanquished Creatures
  An ogre (D)
  An endoplasm (D)
  A giant cockroach (D)
  2 hobgoblins (D)
  A jackal (D)
  A kobold (D)
7 creatures vanquished.

Notes
Turn   | Place    | Note
-------+----------+-------------------------------------------
     0 | D        | enile the Minotaur Fighter began the quest for the Orb.
     0 | D        | Reached XP level 1. HP: 19/19 MP: 0/0
     9 | D        | Reached skill level 3 in Axes
   200 | D        | Noticed a gnoll sergeant
   200 | D        | Noticed an ogre
   201 | D        | HP: 1/30 [ogre/+0 giant club (29)]
   203 | D        | Killed an ogre
   204 | D        | Reached skill level 6 in Axes
   204 | D        | Reached skill level 8 in Axes
   204 | D        | Reached XP level 2. HP: 2/31 MP: 1/1
   204 | D        | Reached XP level 3. HP: 3/38 MP: 2/2
   204 | D        | Reached XP level 4. HP: 4/45 MP: 3/3
   207 | D        | Mangled by a gnoll sergeant

Illustrated notes

Levels and vault maps discovered:
D:        linesprint [early_d, line_temple, items_1, d_10, items_2, lair_1,
          lair_end, items_3, orc_1, orc_end, items_4, d_15, swamp_1, shoals_1,
          snake_1, spider_1, d_20, vaults_1, items_5, swamp_end, shoals_end,
          snake_end, spider_end, vaults_end, d_27, items_6, zot_1, zot_end,
          crypt_end, forest_end, elf_end, slime_end, tomb_end, abyss_end,
          pan_hell_end]

Skill      XL: |  1 |
---------------+----+-----
Fighting       | 6 |  6.9
Axes           | 8 |  8.0
Armour         | 4 |  4.2
Shields        | 4 |  4.2

Action                   |  1- 3 |  4- 6 || total
-------------------------+-------+-------++-------
Melee: War axe           |    15 |     3 ||    18
       Headbutt          |     3 |     1 ||     4
  Use: Potion            |     1 |       ||     1
Armor: Scale mail        |     5 |     1 ||     6
Dodge: Dodged            |     2 |     2 ||     4
Block: Buckler           |     2 |       ||     2

Table legend: (Time is in decaauts)
 A = Elapsed time spent in this place.
 B = Non-inter-level travel time spent in this place.
 C = Inter-level travel time spent in this place.
 D = Time resting spent in this place.
 E = Time spent auto-exploring this place.
 F = Levels seen in this place.
 G = Mean time per level.
                   A        B        C        D        E       F      G
               +--------+--------+--------+--------+--------+-----+--------+
         Total |    211 |    211 |      0 |      0 |    185 |   1 |  211.0 |
       Dungeon |    211 |    211 |      0 |      0 |    185 |   1 |  211.0 |
               +--------+--------+--------+--------+--------+-----+--------+

Top non-repeatable levels by time:
       D: 211 daAuts
